 Dungeon Crawl Stone Soup version 0.19.3-4-gbf9329e (webtiles) character file.

52630 ImaNewbie the Cruncher (level 14, -2/86 HPs)
             Began as a Gargoyle Gladiator on Jan 28, 2017.
             Was the Champion of Okawaru.
             Killed from afar by a lindwurm (4 damage)
             ... with a blast of flame
             ... on level 4 of the Lair of Beasts on Jan 29, 2017.
             The game lasted 00:53:10 (20122 turns).

ImaNewbie the Cruncher (Gargoyle Gladiator)        Turns: 20122, Time: 00:53:10

Health: -2/86      AC: 45    Str: 26    XL:     14   Next: 64%
Magic:  19/19      EV: 16    Int:  8    God:    Okawaru [******]
Gold:   1320       SH:  3    Dex: 11    Spells: 0 memorised, 13 levels left

rFire  + . .     SeeInvis .     P - +5 quarterstaff (protect)
rCold  + . .     Gourm    .     D - +5 scale mail of Ciezaete {rC+ Str+4 Int-2}
rNeg   + . .     Faith    .     (shield currently unavailable)
rPois  ∞         Spirit   .     W - +2 hat
rElec  +         Reflect  +     C - +2 cloak
rCorr  +         Harm     .     O - +0 pair of gloves
MR     +....     Rnd*Tele +     H - +2 pair of boots {Stlth+}
Stlth  +.........               A - +3 amulet of reflection
                                o - ring of protection from fire
                                F - ring of resist corrosion

@: protection aura, flying
A: antennae 1, big wings, iridescent scales 1, slimy green scales 1, blink,
negative energy resistance 1, electricity resistance, teleportitis 1,
unbreathing, petrification resistance, rot immunity, AC +9
a: Stop Flying, Blink, Heroism, Finesse, Renounce Religion


You were on level 4 of the Lair of Beasts.
You worshipped Okawaru.
Okawaru was exalted by your worship.
You were hungry.

You visited 4 branches of the dungeon, and saw 18 of its levels.
You also visited: Ice Cave and Volcano.

You collected 1792 gold pieces.
You spent 472 gold pieces at shops.

Inventory:

Hand Weapons
 b - a +0 blowgun
 j - a +5 antimagic lajatang
 G - a +1 vampiric lajatang
 N - a +0 quarterstaff of freezing
 P - a +5 quarterstaff of protection (weapon)
Missiles
 d - 4 throwing nets (quivered)
 i - 6 needles of confusion
 l - 11 curare-tipped needles
 t - 3 needles of sleeping
 y - 64 poisoned needles
Armour
 C - a +2 cloak (worn)
 D - the +5 scale mail of Ciezaete (worn) {rC+ Str+4 Int-2}
   (You bought it in a shop on level 5 of the Dungeon)

   It affects your strength (+4).
   It affects your intelligence (-2).
   It protects you from cold.
 H - a +2 pair of boots of stealth (worn)
 O - a +0 pair of gloves (worn)
 R - a +2 crystal plate armour
 W - a +2 hat (worn)
Jewellery
 o - a ring of protection from fire (right hand)
 A - a +3 amulet of reflection (around neck)
 F - a ring of resist corrosion (left hand)
 M - an uncursed ring of ice
Wands
 a - a wand of teleportation (4/9)
 I - a wand of acid (6/15)
 T - a wand of lightning (2/15)
Scrolls
 g - 6 scrolls of remove curse
 k - 3 scrolls of blinking
 m - 5 scrolls of amnesia
 p - 2 scrolls of enchant armour
 r - 2 scrolls of identify
 s - 3 scrolls of enchant weapon
 v - 3 scrolls of noise
 x - a scroll of recharging {unknown}
 B - 2 scrolls of teleportation
 V - a scroll of holy word {unknown}
Potions
 c - 2 potions of brilliance
 f - 3 potions of curing
 h - 2 potions of heal wounds
 w - 2 potions of might
 J - a potion of berserk rage
 K - a potion of resistance
 Q - a potion of invisibility
 S - a potion of lignification {unknown}
Comestibles
 e - 7 bread rations
 n - 9 beef jerkies
 q - 4 meat rations
 u - 13 royal jellies
 E - 18 fruits


   Skills:
 - Level 9.2 Fighting
 - Level 14.2 Staves
 - Level 1.7 Throwing
 - Level 10.9 Armour
 + Level 12.4 Dodging
 - Level 5.1 Stealth
 - Level 7.0 Invocations


You had 13 spell levels left.
You didn't know any spells.

Dungeon Overview and Level Annotations

Branches:
Dungeon (12/15)            Temple (1/1) D:7            Lair (4/6) D:9
 Shoals (0/4) Lair:4        Snake (0/4) Lair:4          Orc (1/2) D:12

Altars:
Ashenzari
Cheibriados
Dithmenos
Fedhas
Hepliaklqana
Kikubaaqudgha
Makhleb
Nemelex Xobeh
Okawaru
Qazlal
Ru
Sif Muna
Trog
Uskayaw
Xom
Zin
Beogh

Shops:
D:5 [   Orc:1 }}*=(

Portals:
Trove: D:10 (give wand of heal wounds (9))


Innate Abilities, Weirdness & Mutations

You are resistant to torment.
Your stone body is resilient. (AC +9)
You are immune to poison.
Your large and strong wings let you fly indefinitely.
You resist negative energy. (rN+)
You are resistant to electric shocks. (rElec)
You can survive without breathing.
You are immune to petrification.
You are immune to rotting.
You have a pair of small antennae on your head.
You are partially covered in iridescent scales. (AC +2)
You are partially covered in slimy green scales. (AC +2)
You can translocate small distances at will.
You are occasionally teleported next to monsters.


Message History

The lindwurm bites you but does no damage.
The lindwurm claws you but does no damage.
You block the lindwurm's attack. The elephant barely misses you.
The elephant closely misses you. x3
You are feeling hungry.
You sock the elephant!
The elephant is severely wounded.
The elephant tramples you but does no damage.
The elephant barely misses you.
The lindwurm bites you but does no damage.
You block the lindwurm's attack. x2
You hit the elephant but do no damage.
The elephant is severely wounded.
You hit the elephant but do no damage.
The elephant is moderately wounded.
The elephant tramples you but does no damage.
The elephant barely misses you. The lindwurm breathes flames at you.
The blast of flame hits you! You resist.
You die...

......P.)PYYY#
P...PP..))YY@#
P...PP.P...k##
...P....P....#
........P.####
.....PP..##
#...#...##
#..###### ###


You could see 5 elephants, a lindwurm and a crocodile.

Vanquished Creatures
  Gastronok (Lair:2)
  An orc warlord (D:12)
  A reaper (IceCv)
  Fannar (D:12)
  7 hydras
  3 death yaks (Lair:2)
  A hill giant (D:10)
  2 lindwurms (Volcano)
  2 orc sorcerers (Orc:1)
  An oklob plant (Lair:3)
  4 ugly things
  A cyclops (D:12)
  An elephant (Lair:4)
  A toenail golem (Volcano)
  2 ice statues (IceCv)
  A black mamba (Lair:4)
  2 molten gargoyles (Volcano)
  A rime drake (Lair:1)
  3 spiny frogs (Lair:1)
  3 centaur skeletons
  3 komodo dragons
  3 efreet (Volcano)
  11 ice devils (IceCv)
  A troll (D:9)
  A queen bee (D:12)
  4 meliai
  A two-headed ogre (D:9)
  A hornet (D:8)
  5 blink frogs (Lair:3)
  A meliai zombie (D:12)
  6 hippogriffs
  2 wraiths
  49 yaks
  A steam dragon (D:12)
  5 fire elementals (Volcano)
  A basilisk (D:9)
  2 hungry ghosts
  8 vampire mosquitoes (D:12)
  A soldier ant (D:12)
  25 water moccasins
  8 porcupines
  6 orc warriors
  2 black bears
  2 sky beasts
  12 ice beasts
  A phantom (D:9)
  A necrophage (D:12)
  17 centaurs
  8 wolves
  10 crocodiles
  10 ogres
  3 big kobolds
  14 bullfrogs
  3 earth elementals (Volcano)
  4 scorpions
  4 wights (D:7)
  41 killer bees
  An electric eel (Lair:2)
  2 howler monkeys
  9 crimson imps
  2 bullfrog zombies
  A quasit (D:8)
  5 centaur zombies
  2 hounds
  2 jellies
  3 orc priests
  9 orc wizards
  Jessica (D:2)
  3 bullfrog skeletons
  5 iguanas
  6 worker ants
  A hound skeleton (D:5)
  A worker ant zombie (D:11)
  13 adders
  3 gnolls (D:6)
  A river rat (D:8)
  4 shadow imps
  7 white imps (IceCv)
  7 ufetubi (IceCv)
  An ooze (D:1)
  An adder zombie (D:8)
  An adder skeleton (D:7)
  5 worms (D:2)
  2 dart slugs (D:1)
  30 orcs
  7 bats
  3 giant cockroaches
  5 goblins
  A hobgoblin (D:1)
  7 jackals
  24 kobolds
  4 quokkas
  5 ball pythons
  4 frilled lizards
  A jackal skeleton (D:5)
  A leopard gecko skeleton (D:5)
  2 leopard gecko zombies (D:5)
  A quokka zombie (D:5)
  5 rats
  A bush (Lair:3)
  A fire vortex (Volcano)
  3 fungi (Lair:3)
  3 plants (Lair:3)
522 creatures vanquished.

Vanquished Creatures (collateral kills)
  A centaur zombie (D:12)
1 creature vanquished.

Vanquished Creatures (others)
  5 ufetubi (IceCv)
  A fire vortex (Volcano)
  3 fungi
  12 plants
21 creatures vanquished.

Grand Total: 544 creatures vanquished

Notes
Turn   | Place    | Note
-------+----------+-------------------------------------------
     0 | D:1      | ImaNewbie the Gargoyle Gladiator began the quest for the Orb.
     0 | D:1      | Reached XP level 1. HP: 12/12 MP: 1/1
   105 | D:1      | Reached XP level 2. HP: 4/17 MP: 2/2
   481 | D:1      | Reached skill level 4 in Staves
   616 | D:1      | Reached XP level 3. HP: 16/21 MP: 3/3
  1203 | D:2      | Noticed a dagger
  1205 | D:2      | Noticed a dagger
  1216 | D:2      | Found a hide-covered altar of Uskayaw.
  1562 | D:2      | Reached XP level 4. HP: 22/26 MP: 4/4
  1591 | D:2      | Noticed Jessica
  1592 | D:2      | Killed Jessica
  1592 | D:2      | Reached skill level 5 in Staves
  1733 | D:2      | Found a shimmering altar of Xom.
  1735 | D:2      | Found a shimmering altar of Xom.
  1735 | D:2      | Found a blossoming altar of Fedhas.
  1742 | D:2      | Found a hazy altar of Hepliaklqana.
  1742 | D:2      | Found a hazy altar of Hepliaklqana.
  1742 | D:2      | Found an ancient bone altar of Kikubaaqudgha.
  1990 | D:3      | You fall through a shaft for 3 floors!
  1995 | D:5      | Entered Level 5 of the Dungeon
  2002 | D:5      | Gained mutation: You can translocate small distances at will. [potion of beneficial mutation]
  2160 | D:5      | Reached XP level 5. HP: 30/30 MP: 5/5
  2175 | D:5      | Reached skill level 6 in Staves
  2198 | D:5      | Noticed an ice beast
  2286 | D:5      | Reached XP level 6. HP: 30/35 MP: 6/6
  2305 | D:5      | Killed an ice beast
  2305 | D:5      | Reached skill level 7 in Staves
  2397 | D:5      | Noticed an ice beast
  2408 | D:5      | Killed an ice beast
  2408 | D:5      | Reached XP level 7. HP: 40/40 MP: 7/7
  2422 | D:4      | Found a stormy altar of Qazlal.
  2565 | D:4      | Reached skill level 8 in Staves
  2602 | D:4      | HP: 2/40 [ogre/giant spiked club (11)]
  2895 | D:4      | Found a burning altar of Makhleb.
  3247 | D:4      | Reached skill level 9 in Staves
  3587 | D:4      | Reached skill level 1 in Armour
  3597 | D:4      | Found a deep blue altar of Sif Muna.
  3602 | D:4      | Gained mutation: You have a pair of small antennae on your head. [potion of mutation]
  3602 | D:4      | Gained mutation: You are occasionally teleported next to monsters. [potion of mutation]
  3602 | D:4      | Gained mutation: You are partially covered in slimy green scales. (AC +2) [potion of mutation]
  3660 | D:5      | Found Tuabbecw's Armour Shoppe.
  3673 | D:5      | Gained mutation: Your large and strong wings let you fly indefinitely. [potion of mutation]
  3673 | D:5      | Gained mutation: You are partially covered in iridescent scales. (AC +2) [potion of mutation]
  3986 | D:5      | Found a sacrificial altar of Ru.
  4029 | D:5      | Reached XP level 8. HP: 45/45 MP: 8/8
  4347 | D:6      | Found a shadowy altar of Dithmenos.
  4427 | D:6      | Found a glowing silver altar of Zin.
  4901 | D:6      | Found a sparkling altar of Nemelex Xobeh.
  5035 | D:6      | Found a faded altar of an unknown god.
  5035 | D:6      | Found a burning altar of Makhleb.
  5040 | D:6      | Found a faded altar of an unknown god.
  5042 | D:6      | Found a faded altar of an unknown god.
  5043 | D:6      | Found a faded altar of an unknown god.
  5199 | D:7      | Reached skill level 5 in Fighting
  5234 | D:7      | Reached skill level 5 in Armour
  5416 | D:7      | Reached XP level 9. HP: 47/55 MP: 9/9
  5541 | D:7      | Found a staircase to the Ecumenical Temple.
  5975 | D:7      | Found a bloodstained altar of Trog.
  6271 | Temple   | Entered the Ecumenical Temple
  6305 | Temple   | Became a worshipper of Warmaster Okawaru
  7513 | D:9      | Reached * piety under Okawaru
  7513 | D:9      | Reached XP level 10. HP: 64/64 MP: 10/10
  7524 | D:9      | Found a shadowy altar of Dithmenos.
  7876 | D:5      | Bought the +5 scale mail of Ciezaete {rC+ Str+4 Int-2} for 472 gold pieces
  8085 | D:9      | Found a staircase to the Lair.
  8122 | D:9      | Reached skill level 10 in Staves
  8132 | D:9      | Reached ** piety under Okawaru
  8642 | D:9      | Reached skill level 10 in Armour
  8694 | D:9      | Reached skill level 1 in Stealth
  8979 | D:9      | Reached *** piety under Okawaru
  9042 | D:9      | Reached skill level 11 in Staves
  9153 | D:10     | Entered Level 10 of the Dungeon
  9316 | D:10     | Noticed a hill giant
  9357 | D:10     | Killed a hill giant
  9357 | D:10     | Received a gift from Okawaru
  9357 | D:10     | Reached XP level 11. HP: 50/68 MP: 11/11
  9462 | D:10     | Reached skill level 5 in Stealth
  9548 | D:10     | Reached skill level 1 in Invocations
  9662 | D:10     | Found a portal to a secret trove of treasure.
  9908 | D:10     | Reached **** piety under Okawaru
 10033 | D:11     | Found a shattered altar of Ashenzari.
 10296 | D:11     | Reached skill level 5 in Invocations
 10371 | D:11     | Noticed a brown ugly thing
 10411 | D:11     | Killed a brown ugly thing
 10427 | D:11     | Received a gift from Okawaru
 11160 | D:12     | Reached ***** piety under Okawaru
 11281 | D:12     | Noticed Fannar
 11295 | D:12     | Reached skill level 12 in Staves
 11319 | D:12     | Killed Fannar
 11447 | D:12     | Received a gift from Okawaru
 11584 | D:12     | Reached XP level 12. HP: 47/73 MP: 17/17
 11792 | D:12     | Reached skill level 13 in Staves
 11847 | D:12     | Found a staircase to the Orcish Mines.
 12168 | D:12     | Found a deep blue altar of Sif Muna.
 12236 | D:12     | Noticed an orc warlord
 12269 | D:12     | Killed an orc warlord
 12269 | D:12     | Received a gift from Okawaru
 12269 | D:12     | Reached skill level 14 in Staves
 13344 | Orc:1    | Entered Level 1 of the Orcish Mines
 13422 | Orc:1    | Received a gift from Okawaru
 13436 | Orc:1    | Found Atrorong's Weapon Shoppe.
 13542 | Orc:1    | Found Quidal's Jewellery Boutique.
 13720 | Orc:1    | Reached XP level 13. HP: 79/80 MP: 18/18
 13811 | Orc:1    | Found a roughly hewn altar of Beogh.
 13931 | Orc:1    | Found Soirar's Gadget Emporium.
 13984 | Orc:1    | Found Zouzeub's Assorted Antiques.
 14025 | Orc:1    | Found Uxkoudwo's Gadget Emporium.
 14205 | Lair:1   | Entered Level 1 of the Lair of Beasts
 14231 | Lair:1   | Reached ****** piety under Okawaru
 14231 | Lair:1   | Reached skill level 5 in Dodging
 14315 | Lair:1   | Found a dark tunnel.
 14324 | Volcano  | Entered a volcano
 15476 | Lair:1   | Received a gift from Okawaru
 15824 | Lair:1   | Received a gift from Okawaru
 16660 | Lair:2   | Found a frozen archway.
 16735 | Lair:2   | Noticed Gastronok
 16775 | Lair:2   | Killed Gastronok
 16810 | Lair:2   | Reached skill level 10 in Dodging
 16919 | IceCv    | Entered an ice cave
 16992 | IceCv    | Mutation became permanent: Your large and strong wings let you fly indefinitely. [Gargoyle growth]
 16992 | IceCv    | Reached XP level 14. HP: 67/86 MP: 19/19
 17095 | IceCv    | Noticed a reaper
 17133 | IceCv    | Killed a reaper
 18157 | Lair:2   | Got a pair of twisted gloves
 18168 | Lair:2   | Identified the +1 pair of gloves of the Countless Nights {rElec rF+ Regen+ Slay-3} (You found it on level 2 of the Lair of Beasts)
 18856 | Lair:3   | Found a blossoming altar of Fedhas.
 19559 | Lair:3   | Received a gift from Okawaru
 19812 | Lair:4   | Found a staircase to the Snake Pit.
 19932 | Lair:4   | Found a staircase to the Shoals.
 19968 | Lair:4   | HP: 4/86 [four-headed hydra (10)]
 20113 | Lair:4   | HP: 3/86 [elephant (6)]
 20116 | Lair:4   | HP: 1/86 [elephant (2)]
 20122 | Lair:4   | Killed from afar by a lindwurm

Skill      XL: |  1  2  3  4  5  6  7  8  9 10 11 12 13 14 |
---------------+-------------------------------------------+-----
Staves         | 4 5 6 7 9 11 12 14 | 14.2
Armour         | 1 5 8 10 | 10.9
Fighting       | 6 8 9 |  9.2
Stealth        | 4 5 |  5.1
Invocations    | 7 |  7.0
Dodging        | 4 10 12 | 12.4
Throwing       | |  1.7

Action                   |  1- 3 |  4- 6 |  7- 9 | 10-12 | 13-15 || total
-------------------------+-------+-------+-------+-------+-------++-------
Melee: Quarterstaff      |   122 |    94 |   463 |  1075 |  1060 ||  2814
       Lajatang          |       |       |       |    55 |    96 ||   151
 Fire: Blowgun           |       |       |       |     8 |       ||     8
Invok: Heroism           |       |       |       |     4 |     5 ||     9
       Finesse           |       |       |       |     1 |     2 ||     3
 Abil: Fly               |       |       |       |       |     2 ||     2
       Stop Flying       |       |       |       |       |     1 ||     1
  Use: Scroll            |       |     4 |     4 |    15 |     3 ||    26
       Potion            |       |     2 |     2 |       |     1 ||     5
 Stab: Distracted        |       |       |       |     2 |       ||     2
       Sleeping          |       |       |       |     4 |     4 ||     8
  Eat: Chunk             |     2 |     2 |    11 |    20 |    11 ||    46
       Bread ration      |       |       |     1 |     1 |       ||     2
       Pizza             |       |       |     1 |       |       ||     1
       Royal jelly       |       |       |       |     1 |       ||     1
       Meat ration       |       |       |       |     1 |     2 ||     3
Armor: Leather armour    |    16 |       |       |       |       ||    16
       Chain mail        |    40 |    54 |   423 |    19 |       ||   536
       Scale mail        |       |       |       |   692 |   590 ||  1282
Dodge: Dodged            |    49 |    45 |   244 |   589 |   694 ||  1621
Block: Other             |       |       |       |     9 |   126 ||   135
       Reflection        |       |       |       |     1 |       ||     1
